 Dungeon Crawl Stone Soup version 0.19-a0-1445-ge808afc (webtiles) character file.

362 PurpleRed the Conjurer (level 6, 0/32 HPs)
             Began as a Deep Elf Conjurer on Sept 5, 2016.
             Was an Initiate of Vehumet.
             Killed from afar by PurpleRed's ghost (13 damage)
             ... with a spray of energy
             ... on level 6 of the Dungeon.
             The game lasted 00:10:20 (1224 turns).

PurpleRed the Conjurer (Deep Elf Conjurer)          Turns: 1224, Time: 00:10:20

Health: 0/32       AC:  2    Str:  8    XL:     6   Next: 39%
Magic:  12/17      EV: 13    Int: 22    God:    Vehumet [......]
Gold:   173        SH:  0    Dex: 15    Spells: 2 memorised, 14 levels left

rFire  . . .     SeeInvis .     n - +7 longbow of Accord {velocity, rElec rC+ Str+3}
rCold  + . .     Gourm    .     a - +0 robe
rNeg   . . .     Faith    .     (shield currently unavailable)
rPois  .         Spirit   .     (no helmet)
rElec  +         Dismiss  .     (no cloak)
rCorr  .         Reflect  .     (no gloves)
MR     .....     Harm     .     (no boots)
Stlth  ++........               (no amulet)
                                (no ring)
                                (no ring)

@: drained
A: no striking features
a: Renounce Religion


You were on level 6 of the Dungeon.
You worshipped Vehumet.
Vehumet was noncommittal.
You were hungry.

You visited 2 branches of the dungeon, and saw 7 of its levels.

You collected 173 gold pieces.

Inventory:

Hand Weapons
 f - a +1 whip of electrocution
 n - the +7 longbow of Accord (weapon) {velocity, rElec rC+ Str+3}
   (You found it on level 4 of the Dungeon)

   Any arrow fired from it inflicts extra damage.
   It affects your strength (+3).
   It protects you from cold.
   It insulates you from electricity.
Missiles
 h - 2 throwing nets
 o - 45 arrows (quivered)
Armour
 a - a +0 robe (worn)
Scrolls
 d - a scroll of teleportation
 e - 2 scrolls of identify
Potions
 g - a potion of haste
 i - 3 potions of flight
 l - a potion of agility {unknown}
Books
 b - a book of Conjurations

   Spells                             Type                      Level
   a - Magic Dart                     Conjuration                  1
   b - Searing Ray                    Conjuration                  2
   c - Dazzling Spray                 Conjuration/Hexes            3
   d - Fulminant Prism                Conjuration/Hexes            4
   e - Iskenderun's Mystic Blast      Conjuration                  4
   f - Iskenderun's Battlesphere      Conjuration/Charms           5
Comestibles
 c - 3 bread rations
 j - a beef jerky
 k - a meat ration


   Skills:
 - Level 2.4(2.1) Dodging
 - Level 2.4(2.1) Stealth
 + Level 6.0(5.7) Spellcasting
 * Level 7.2(7.0) Conjurations


You had 14 spell levels left.
You knew the following spells:

 Your Spells              Type           Power        Failure   Level  Hunger
a - Magic Dart            Conj           ####         1%          1    None
b - Searing Ray           Conj           #####.       1%          2    None


Dungeon Overview and Level Annotations

Branches:
Dungeon (6/15)             Temple (1/1) D:6

Altars:
Ashenzari
Cheibriados
Fedhas
Hepliaklqana
Kikubaaqudgha
Nemelex Xobeh
Okawaru
Ru
Sif Muna
Trog
Vehumet
Yredelemnul

Annotations:
D:6 PurpleRed's ghost, amateur DECj


Message History

Casting: Searing Ray
Confirm with . or Enter, or press ? or * to list all spells.
Aiming: Searing Ray
Press: ? - help, Shift-Dir - straight line, f - PurpleRed's ghost
Aim: PurpleRed's ghost, wielding a weapon of draining The searing ray misses PurpleRed's ghost.
The searing ray hits PurpleRed's ghost.
PurpleRed's ghost is lightly damaged.
PurpleRed's ghost hits you.
You feel drained.
The searing ray hits PurpleRed's ghost.
PurpleRed's ghost is lightly damaged.
PurpleRed's ghost gestures at you while chanting.
The spray of energy hits you!
Ouch! That really hurt!
The searing ray hits PurpleRed's ghost.
PurpleRed's ghost is heavily damaged.
You finish channeling your searing ray.
PurpleRed's ghost casts a spell at you. The spray of energy hits you!
You die...

..⌠.#.# ....#.# #.
⌠...'.# #.. ....###
#... ..⌠.# #..# ....#
#..# '#### #..#
.#.###############..#
................@..#
#..##############W.#
#.## ##.# ..# .# .##
.. ## ... # .... #
.....


You could see PurpleRed's ghost.

Vanquished Creatures
  Grinder (D:6)
  A crimson imp (D:5)
  An orc wizard (D:6)
  2 worker ants
  2 adders
  2 giant geckos
  2 orcs (D:6)
  4 bats
  A giant cockroach (D:1)
  A goblin (D:3)
  A hobgoblin (D:1)
  6 jackals (D:2)
  7 kobolds
  3 giant newts
  3 rats
37 creatures vanquished.

Notes
Turn   | Place    | Note
-------+----------+-------------------------------------------
     0 | D:1      | PurpleRed the Deep Elf Conjurer began the quest for the Orb.
     0 | D:1      | Reached XP level 1. HP: 10/10 MP: 6/6
     2 | D:1      | Noticed a draconian
     4 | D:1      | Noticed a vine stalker
     4 | D:1      | Noticed a human
     6 | D:1      | Noticed a ghoul
     6 | D:1      | Noticed a spriggan
     8 | D:1      | Noticed a dwarf
     8 | D:1      | Noticed a halfling
    10 | D:1      | Noticed an octopode
    12 | D:1      | Noticed a gargoyle
    12 | D:1      | Noticed a demigod
    14 | D:1      | Noticed a tengu
    16 | D:1      | Noticed a merfolk
    18 | D:1      | Noticed a demonspawn
    18 | D:1      | Noticed a formicid
    20 | D:1      | Noticed an elf
    20 | D:1      | Noticed a troll
    22 | D:1      | Noticed a naga
    22 | D:1      | Noticed an ogre
    25 | D:1      | Noticed a minotaur
    25 | D:1      | Noticed a felid
    27 | D:1      | Noticed a centaur
    27 | D:1      | Noticed a vampire
   159 | D:1      | Reached XP level 2. HP: 2/15 MP: 3/8
   163 | D:1      | Learned a level 2 spell: Searing Ray
   409 | D:2      | Reached skill level 5 in Conjurations
   444 | D:3      | Reached XP level 3. HP: 4/19 MP: 2/10
   551 | D:4      | Got a twisted longbow
   556 | D:4      | Identified the +7 longbow of Accord {velocity, rElec rC+ Str+3} (You found it on level 4 of the Dungeon)
   649 | D:5      | Entered Level 5 of the Dungeon
   678 | D:5      | Reached XP level 4. HP: 21/24 MP: 6/12
   739 | D:5      | Reached skill level 6 in Conjurations
   839 | D:5      | Found a bloodstained altar of Trog.
   944 | D:6      | Found a staircase to the Ecumenical Temple.
   947 | Temple   | Entered the Ecumenical Temple
   978 | Temple   | Became a worshipper of Vehumet
  1032 | D:6      | Noticed Grinder
  1044 | D:6      | Killed Grinder
  1044 | D:6      | Reached skill level 5 in Spellcasting
  1044 | D:6      | Reached skill level 7 in Conjurations
  1044 | D:6      | Reached XP level 5. HP: 14/28 MP: 5/15
  1044 | D:6      | Reached XP level 6. HP: 16/32 MP: 5/16
  1058 | D:6      | Found a radiant altar of Vehumet.
  1219 | D:6      | Noticed PurpleRed's ghost (amateur DECj)
  1224 | D:6      | Killed from afar by PurpleRed's ghost

Vault maps used:
D:1:      kb_arrival_jail, kennysheep_small_spiral
D:2:      nicolae_ru_great_annihilating_truth, uniq_natasha
D:4:      serial_shops, nicolae_shop_behind_doors
D:5:      portal_sewer_entry_d, first_bread, trog_book
D:6:      basic_altar, hangedman_glass_teeth, minmay_fountain_box, uniq_grinder
Temple:   kilobyte_greek_temple

Skill      XL: |  1  2  3  4  5  6 |
---------------+-------------------+-----
Conjurations   | 5 7 |  7.2
Spellcasting   | 4 5 6 |  6.0
Dodging        | |  2.4
Stealth        | |  2.4

Action                   |  1- 3 |  4- 6 || total
-------------------------+-------+-------++-------
Melee: Club              |     3 |       ||     3
       Unarmed           |     1 |       ||     1
       Whip              |    16 |       ||    16
 Fire: Longbow           |     1 |     6 ||     7
 Cast: Magic Dart        |    51 |       ||    51
       Searing Ray       |     1 |     4 ||     5
  Use: Scroll            |       |     9 ||     9
Armor: Robe              |     5 |       ||     5
Dodge: Dodged            |    33 |       ||    33
